 Dungeon Sprint DCSS version 0.21-a0-50-g941c862 (webtiles) character file.

10411 Kidiri the Grappler (level 11, -16/119 HPs)
             Began as a Troll Monk on June 11, 2017.
             Was the Champion of Wu Jian.
             Demolished by a golden dragon (19 damage)
             ... in the Dungeon (Sprint I: "Red Sonja").
             The game lasted 00:11:33 (1595 turns).

Kidiri the Grappler (Troll Monk)                    Turns: 1595, Time: 00:11:34

Health: -16/119    AC:  5    Str: 24    XL:     11   Next: 35%
Magic:  12/12      EV: 17    Int:  1    God:    Wu Jian [******]
Gold:   1400       SH: 10    Dex: 19    Spells: 10/10 levels left

rFire    + + +     SeeInvis .     - Unarmed
rCold    + . .     Gourm    +   m - +0 shield
rNeg     . . .     Faith    .   l - +0 robe "Hauw" {rF+ Str+3} (curse)
rPois    .         Spirit   .   (helmet restricted)
rElec    .         Reflect  .   n - scarf {repulsion}
rCorr    .         Harm     .   (gloves unavailable)
MR       .....     NoTele   +   (boots unavailable)
Stlth    ++........             (no amulet)
Regen    0.7/turn               p - ring "Bebif" {+Fly rF+++ rC+ Int-5 Dex+4}
MPRegen  0.2/turn               (no ring)

@: lethally poisoned (-16 -> -17), exhausted, glowing, repel missiles, heavenly
storm
A: unfitting armour, claws 3, fast metabolism 3, gourmand, regeneration 1,
shaggy fur 1, tough skin 2
a: Serpent's Lash, Heavenly Storm, Renounce Religion, Evoke Flight


You were in the Dungeon.
You worshipped Wu Jian.
Wu Jian was exalted by your worship.
You were very full.

You visited 1 branch You collected 2487 gold pieces.
You spent 1087 gold pieces at shops.

Inventory:

Hand Weapons
 g - the +0 long sword of Circular Logic {slice, +Blink Str+5}
   (You found it in the Dungeon)

   It inflicts extra damage upon your enemies.
   It affects your strength (+5).
   It lets you blink.
 j - a +0 blowgun
Missiles
 k - 46 stones (quivered)
 o - 8 curare-tipped needles
 r - a throwing net
Armour
 l - the cursed +0 robe "Hauw" (worn) {rF+ Str+3}
   (You bought it in a shop in the Dungeon)

   It affects your strength (+3).
   It protects you from fire.
   It has a curse placed upon it.
 m - a +0 shield (worn)
 n - a scarf of repulsion (worn)
Jewellery
 p - the ring "Bebif" (left claw) {+Fly rF+++ rC+ Int-5 Dex+4}
   (You bought it in a shop in the Dungeon)

   [ring of flight]

   It affects your intelligence (-5).
   It affects your dexterity (+4).
   It renders you almost immune to fire.
   It protects you from cold.
   It lets you fly.
Scrolls
 d - a scroll of magic mapping {unknown}
 h - a scroll of blinking
 i - a scroll of identify {unknown}
Potions
 c - 3 potions of curing
 e - 2 potions of haste
 f - 2 potions of magic
Comestibles
 a - a royal jelly
 b - 2 bread rations
 q - a chunk of flesh


   Skills:
 * Level 10.9 Fighting
 + Level 5.6 Throwing
 + Level 7.6 Armour
 * Level 11.1 Dodging
 * Level 8.4 Stealth
 + Level 4.8 Shields
 * Level 12.9 Unarmed Combat
 + Level 3.5 Evocations


You had 10 spell levels left.
You didn't know any spells.

Dungeon Overview and Level Annotations

Branches:
Dungeon (1/1)

Altars:
Cheibriados
Dithmenos
Elyvilon
Fedhas
Gozag
Hepliaklqana
Kikubaaqudgha
Makhleb
Nemelex Xobeh
Okawaru
Qazlal
Ru
Sif Muna
Trog
Uskayaw
Vehumet
Wu Jian
Xom
Yredelemnul
Zin
The Shining One
Jiyva
Lugonu

Shops:
D *}*(!(!%}[:(*([=

Annotations:
D exclusion: door


Innate Abilities, Weirdness & Mutations

You are too large for most types of armour.
You have claws for hands.
Your metabolism is lightning-fast.
You like to eat raw meat.
Your natural rate of healing is unusually fast.
You are covered in fur. (AC +1)
You have very tough skin. (AC +2)


Message History

The blast of poison engulfs you!
You are poisoned.
* * * LOW HITPOINT WARNING * * *
Unknown command.
You spin and attack the shadow dragon repeatedly.
You mangle the shadow dragon!!
The shadow dragon is heavily wounded.
You claw the shadow dragon!
The shadow dragon is heavily wounded.
You spin and attack the golden dragon.
You mangle the golden dragon!!
The golden dragon is almost dead.
You feel sick. The shadow dragon closely misses you.
The shadow dragon claws you.
* * * LOW HITPOINT WARNING * * *
The shadow dragon claws you.
* * * LOW HITPOINT WARNING * * *
The golden dragon bites you!!
* * * LOW HITPOINT WARNING * * *
The golden dragon claws you!!
You die...

# #.§§§.#
##§.§§# ###+##
#|####+#
##§#§§.§#
##..§.§.§§##
#.§.§§§§§§§#
##§§§§§§§§§.##
#...§§§D@§§..#
#...§§§D§§§..#
##.^§§§§§§§.##
#$$§§§§§§§$#
##$$$$$$$$##
##"%($)$##
########


You could see a shadow dragon and a golden dragon.

Vanquished Creatures
  A hydra (D)
  2 centaur warriors (D)
  Sonja (D)
  2 unseen horrors (D)
  A deep troll (D)
  A lindwurm (D)
  An oklob plant (D)
  2 kobold demonologists (D)
  4 demonic crawlers (D)
  A hornet (D)
  A slime creature (D)
  Sigmund (D)
  2 redbacks (D)
  A yak (D)
  13 hogs (D)
  3 floating eyes (D)
  7 necrophages (D)
  An ogre (D)
  8 jellies (D)
  Ijyb (D)
  4 ballistomycetes (D)
  A ballistomycete spore (D)
59 creatures vanquished.

Vanquished Creatures (others)
  A hornet (D)
  A ballistomycete spore (D)
2 creatures vanquished.

Grand Total: 61 creatures vanquished

Notes
Turn   | Place    | Note
-------+----------+-------------------------------------------
     0 | D        | Kidiri the Troll Monk began the quest for the Orb.
     0 | D        | Reached XP level 1. HP: 22/22 MP: 0/0
     1 | D        | Noticed Ijyb
    13 | D        | Killed Ijyb
    13 | D        | Reached skill level 1 in Armour
    13 | D        | Reached skill level 4 in Unarmed Combat
    13 | D        | Reached XP level 2. HP: 31/31 MP: 1/1
    21 | D        | Noticed an ogre
    25 | D        | Killed an ogre
    25 | D        | Reached skill level 5 in Unarmed Combat
    25 | D        | Reached XP level 3. HP: 39/39 MP: 2/2
    25 | D        | Reached XP level 4. HP: 48/48 MP: 3/3
    40 | D        | Noticed Sigmund
    48 | D        | Killed Sigmund
    48 | D        | Reached skill level 5 in Fighting
    48 | D        | Reached skill level 5 in Dodging
    48 | D        | Reached skill level 6 in Unarmed Combat
    48 | D        | Reached XP level 5. HP: 40/57 MP: 4/4
    48 | D        | Reached XP level 6. HP: 47/66 MP: 5/5
    80 | D        | Found an ornate altar of the Wu Jian Council.
    80 | D        | Found a deep blue altar of Sif Muna.
    82 | D        | Found a radiant altar of Vehumet.
    85 | D        | Became a worshipper of the Wu Jian Council
    85 | D        | Reached * piety under Wu Jian
    85 | D        | Reached ** piety under Wu Jian
   125 | D        | Found Xuphopp's Assorted Antiques.
   125 | D        | Found an ancient bone altar of Kikubaaqudgha.
   125 | D        | Found a hazy altar of Hepliaklqana.
   125 | D        | Found a stormy altar of Qazlal.
   125 | D        | Found a hide-covered altar of Uskayaw.
   125 | D        | Found a blossoming altar of Fedhas.
   125 | D        | Found a bloodstained altar of Trog.
   125 | D        | Found an iron altar of Okawaru.
   125 | D        | Found a basalt altar of Yredelemnul.
   125 | D        | Found a glowing golden altar of the Shining One.
   125 | D        | Found a snail-covered altar of Cheibriados.
   125 | D        | Found a sacrificial altar of Ru.
   125 | D        | Found a glowing silver altar of Zin.
   125 | D        | Found a shadowy altar of Dithmenos.
   125 | D        | Found a white marble altar of Elyvilon.
   125 | D        | Noticed a yak
   126 | D        | Found an opulent altar of Gozag.
   136 | D        | Killed a yak
   136 | D        | Reached skill level 7 in Unarmed Combat
   143 | D        | Found a sparkling altar of Nemelex Xobeh.
   184 | D        | Noticed a centaur warrior
   191 | D        | Noticed a centaur warrior
   199 | D        | Killed a centaur warrior
   199 | D        | Reached skill level 5 in Stealth
   199 | D        | Reached skill level 9 in Unarmed Combat
   199 | D        | Reached XP level 7. HP: 46/78 MP: 6/6
   199 | D        | Reached XP level 8. HP: 51/87 MP: 7/7
   202 | D        | HP: 4/87 [centaur warrior (15)]
   205 | D        | Killed a centaur warrior
   205 | D        | Reached skill level 5 in Armour
   205 | D        | Reached skill level 10 in Unarmed Combat
   326 | D        | Noticed a deep troll
   331 | D        | HP: 3/88 [deep troll (19)]
   333 | D        | Killed a deep troll
   333 | D        | Reached *** piety under Wu Jian
   333 | D        | Reached skill level 1 in Throwing
   333 | D        | Reached XP level 9. HP: 3/97 MP: 8/8
   345 | D        | Found Qiuhasit's Armour Emporium.
   350 | D        | Got a dazzling long sword
   351 | D        | Identified the +0 long sword of Circular Logic {slice, +Blink Str+5} (You found it in the Dungeon)
   354 | D        | Bought the cursed +0 robe "Hauw" {rF+ Str+3} for 198 gold pieces
   354 | D        | Bought a +0 shield for 49 gold pieces
   354 | D        | Bought a scarf of repulsion for 132 gold pieces
   476 | D        | Noticed Sonja
   479 | D        | Killed Sonja
   479 | D        | Reached skill level 1 in Shields
   632 | D        | Noticed an oklob plant
   634 | D        | Killed an oklob plant
   634 | D        | Reached **** piety under Wu Jian
   634 | D        | Reached skill level 11 in Unarmed Combat
   748 | D        | HP: 3/100 [something (5)]
   749 | D        | Killed an unseen horror
   749 | D        | Reached XP level 10. HP: 3/107 MP: 9/9
   933 | D        | Killed an unseen horror
   933 | D        | Reached skill level 1 in Evocations
  1059 | D        | Reached ***** piety under Wu Jian
  1066 | D        | Reached skill level 10 in Dodging
  1096 | D        | Reached ****** piety under Wu Jian
  1096 | D        | Reached skill level 10 in Fighting
  1113 | D        | Found Xigifiyfe's Assorted Antiques.
  1113 | D        | Found Pyotostre's Gadget Shop.
  1113 | D        | Found Ibubas's Weapon Boutique.
  1115 | D        | Found Pekhom's Distillery.
  1115 | D        | Found Joiwn's Antique Weapon Shop.
  1115 | D        | Found Xufazufy's Distillery.
  1115 | D        | Found Xagaggyc's Food Boutique.
  1115 | D        | Found Odghutz's Gadget Emporium.
  1115 | D        | Found Roaliat's Armour Shop.
  1115 | D        | Found Wemaf's Book Shoppe.
  1121 | D        | Found Niq Joyrgh's Antique Weapon Boutique.
  1122 | D        | Found Lunges's Antique Weapon Emporium.
  1122 | D        | Found Juigeupn's General Store.
  1123 | D        | Found Ogeorgho's Jewellery Emporium.
  1132 | D        | Bought the ring "Bebif" {+Fly rF+++ rC+ Int-5 Dex+4} for 708 gold pieces
  1213 | D        | Found a burning altar of Makhleb.
  1213 | D        | Found a viscous altar of Jiyva.
  1213 | D        | Found a shimmering altar of Xom.
  1213 | D        | Found a corrupted altar of Lugonu.
  1278 | D        | Noticed a smoke demon
  1279 | D        | Noticed an orange demon
  1284 | D        | Noticed a soul eater
  1285 | D        | Reached skill level 12 in Unarmed Combat
  1415 | D        | Noticed a lindwurm
  1416 | D        | Killed a lindwurm
  1416 | D        | Reached skill level 5 in Throwing
  1416 | D        | Reached XP level 11. HP: 119/119 MP: 12/12
  1516 | D        | Noticed a 12-headed hydra
  1517 | D        | Killed a 14-headed hydra
  1587 | D        | Noticed a golden dragon
  1588 | D        | Noticed a shadow dragon
  1595 | D        | HP: 3/119 [golden dragon (19)]
  1595 | D        | Demolished by a golden dragon

Vault maps used:
D:        dungeon_sprint_1

Skill      XL: |  1  2  3  4  5  6  7  8  9 10 11 |
---------------+----------------------------------+-----
Fighting       | 3 4 5 7 8 9 10 | 10.9
Armour         | 1 2 3 4 5 6 7 |  7.6
Dodging        | 3 4 5 7 8 9 10 11 | 11.1
Unarmed Combat | 4 5 6 9 10 11 12 | 12.9
Stealth        | 2 3 5 6 7 8 |  8.4
Throwing       | 1 3 5 |  5.6
Shields        | 2 4 |  4.8
Evocations     | 2 3 |  3.5

Action                   |  1- 3 |  4- 6 |  7- 9 | 10-12 || total
-------------------------+-------+-------+-------+-------++-------
Melee: Unarmed           |    12 |    28 |    46 |   148 ||   234
       Punch             |       |     2 |     1 |       ||     3
Throw: Stone             |       |       |     1 |       ||     1
Invok: Serpent's Lash    |       |       |     1 |     3 ||     4
       Heavenly Storm    |       |       |       |     3 ||     3
  Use: Potion            |       |     1 |     2 |       ||     3
 Stab: Sleeping          |     1 |       |     3 |     9 ||    13
  Eat: Chunk             |       |     7 |     3 |    10 ||    20
Armor: Robe              |     4 |     2 |     2 |    19 ||    27
Dodge: Dodged            |     5 |    10 |    14 |    64 ||    93
       Deflected         |       |       |       |     1 ||     1
Block: Shield            |       |       |     8 |    39 ||    47
